 Dungeon Crawl Stone Soup version 0.31.0-11-ge490571c62 (webtiles) character file.

Game seed: 17440553295517864027

2014 SnakkuSnakku7 the Skirmisher (level 9, 0/53 (57) HPs)
             Began as a Merfolk Conjurer on Feb 1, 2024.
             Was an Initiate of Ru.
             Slain by Maggie
             ... wielding a +0 morningstar
              (5 damage)
             ... on level 6 of the Dungeon.
             The game lasted 00:09:53 (6022 turns).

SnakkuSnakku7 the Skirmisher (Merfolk Conjurer)     Turns: 6022, Time: 00:09:53

HP:   0/53 (57)     AC:  8    Str:  8    XL:     9   Next: 22%
MP:   0/12          EV: 10    Int: 17    God:    Ru [......]
Gold: 160           SH:  0    Dex: 16    Spells: 12/12 levels left

rFire   . . .        a - +3 longbow
rCold   . . .        (shield currently unavailable)
rNeg    . . .        j - +0 ring mail {Will+}
rPois   .            D - +1 hat
rElec   .            k - +0 cloak
rCorr   .            (no gloves)
SInv    .            y - +0 pair of boots
Will    +....        q - amulet of guardian spirit
Stlth   +            (no ring)
HPRegen 0.28/turn    (no ring)
MPRegen 0.13/turn

%: guardian spirit
@: mesmerised, drained, invisible
A: (nimble swimmer 2), mertail
a: Renounce Religion


You were on level 6 of the Dungeon.
You worshipped Ru.
Ru was noncommittal.
You visited 2 branches of the dungeon, and saw 7 of its levels.

You collected 160 gold pieces.

Inventory:

Hand Weapons
 a - a +3 longbow (weapon)
 e - a +0 spear
 g - a +1 long sword
Missiles
 n - 20 poisoned darts
Armour
 f - a +0 robe
 j - a +0 ring mail of willpower (worn)
 k - a +0 cloak (worn)
 w - a +0 leather armour
 y - a +0 pair of boots (worn)
 D - a +1 hat (worn)
Jewellery
 q - an amulet of guardian spirit (around neck)
Wands
 v - a wand of flame (50)
Scrolls
 i - a scroll of amnesia
 l - a scroll of blinking
 m - 2 scrolls of immolation
 s - a scroll of acquirement {unknown}
 t - a scroll of revelation {unknown}
 B - 2 scrolls of fear {unknown}
 C - a scroll of noise {unknown}
Potions
 b - 2 potions of magic
 c - 2 potions of enlightenment
 d - 2 potions of mutation
 h - a potion of lignification
 o - a potion of curing
 p - 2 potions of attraction {unknown}
 r - 2 potions of might
 u - a potion of brilliance {unknown}
 x - 2 potions of haste {unknown}
 z - a potion of berserk rage {unknown}
 A - a potion of invisibility


   Skills:
 - Level 0.2 Fighting
 - Level 4.7 Long Blades
 - Level 2.7 Polearms
 + Level 9.0 Ranged Weapons
 - Level 2.6 Dodging
 - Level 2.1 Stealth
 - Level 2.0 Spellcasting
 - Level 3.2 Conjurations


You had 12 spell levels left.
You didn't know any spells.
Your spell library contained the following spells:

 Spells                   Type           Power      Damage    Failure   Level
 Magic Dart               Conj           48%        1d5       16%         1
 Searing Ray              Conj           24%        2d5       24%         2
 Call Canine Familiar     Summ           1%         N/A       87%         3
 Sigil of Binding         Hex            1%         N/A       87%         3
 Tukima's Dance           Hex            1%         N/A       87%         3
 Fulminant Prism          Conj/Alch      3%         3d5       97%         4
 Iskenderun's Mystic Bla  Conj/Tloc      7%         2d4       97%         4
 Dimensional Bullseye     Hex/Tloc       0%         N/A       99%         4
 Leda's Liquefaction      Alch/Erth      0%         N/A       99%         4
 Passage of Golubria      Tloc           1%         N/A       99%         4
 Lee's Rapid Deconstruct  Erth           0%         3d4*      100%        5
 Yara's Violent Unravell  Hex/Alch       0%         3d3       100%        5
 Bombard                  Conj/Erth      3%         9d1       100%        6


Dungeon Overview and Level Annotations

Branches:
Dungeon (6/15)             Temple (1/1) D:6

Altars:
Cheibriados
Elyvilon
Hepliaklqana
Kikubaaqudgha
Makhleb
Okawaru
Qazlal
Ru
Uskayaw
Vehumet
Wu Jian
Xom
Yredelemnul
Zin
The Shining One

Annotations:
D:6 Maggie, Pikel


Innate Abilities, Weirdness & Mutations

((You are very nimble when in or above water. (Stealth+, EV+, Speed+++)))
Your lower body shifts to a powerful aquatic tail in water.


Message History

Maggie gestures wildly while chanting.
Maggie attempts to bespell you!
You are mesmerised by Maggie!
You shoot an arrow. The arrow barely misses Maggie.
You shoot an arrow. The arrow hits Maggie.
Maggie is lightly wounded.
Maggie gestures wildly while chanting.
Maggie draws you further into her thrall.
You shoot an arrow. The arrow closely misses Maggie.
You shoot an arrow. The arrow barely misses Maggie.
Maggie smiles, but it's obviously fake.
You shoot an arrow. The arrow barely misses Maggie.
Maggie casts a spell.
Maggie draws you further into her thrall.
You shoot an arrow. The arrow barely misses Maggie.
Maggie casts a spell at you. The bolt of fire hits you!!
You shoot an arrow. The arrow hits Maggie!
Maggie is moderately wounded.
Maggie mumbles some strange words.
Maggie draws you further into her thrall.
You shoot an arrow. The arrow hits Maggie!
Maggie is moderately wounded.
Maggie points at you and mumbles some strange words.
The bolt of fire misses you. Maggie hits you but does no damage.
You shoot an arrow. The arrow hits Maggie!
Maggie is severely wounded.
Maggie hits you with a +0 morningstar!
You are too injured to fight recklessly!
You are too injured to fight recklessly!
You shoot an arrow. The arrow hits Maggie.
Maggie is severely wounded.
Maggie hits you with a +0 morningstar. Maggie misses you.
You shoot an arrow. The arrow barely misses Maggie.
Maggie gestures at you while chanting. The bolt of fire hits you!!
* * * LOW HITPOINT WARNING * * *
You fade into invisibility!
Maggie hits you with a +0 morningstar.
You die...

#[# #.........# #.##
#.........# #..#
#.........#
##.###.........#
#.##.......####
#).#.####### ##.#.#
######.#.##########
.........>.@@...[...
....................
....................
........)...........
............########
............#
##########
............#
#........#
...........#
#.######.#
..........#
#.#.....<#


You could see Maggie (mesmerising, unable to see you).

Vanquished Creatures
  Grinder (D:3)
  Edmund (D:4)
  2 ice beasts
  2 ogres
  2 phantoms
  Blork the orc (D:5)
  A bullfrog (D:6)
  A scorpion (D:6)
  5 wights (D:6)
  A howler monkey (D:6)
  2 jellies
  An orc priest (D:6)
  2 sleepcaps
  3 hounds
  Jessica (D:3)
  Ijyb (D:3)
  Natasha (thrice) (D:4)
  3 orc wizards
  11 gnolls
  7 adders
  A white imp (D:6)
  2 ufetubi (D:4)
  13 orcs
  5 endoplasms
  5 giant cockroaches
  5 goblins
  10 hobgoblins
  5 jackals (D:2)
  3 quokkas
  12 ball pythons
  5 bats
  6 frilled lizards
  12 kobolds
  4 rats
139 creatures vanquished.

Notes
Turn   | Place    | Note
-------+----------+-------------------------------------------
     0 | D:1      | SnakkuSnakku7 the Merfolk Conjurer began the quest for the
                  | Orb.
     0 | D:1      | Reached XP level 1. HP: 13/13 MP: 3/3
    21 | D:1      | Found a faded altar of an unknown god.
    43 | D:1      | Reached skill level 1 in Polearms
   200 | D:1      | Reached XP level 2. HP: 19/19 MP: 5/5
   479 | D:1      | Reached skill level 1 in Long Blades
   710 | D:2      | Reached XP level 3. HP: 24/24 MP: 6/6
  1001 | D:2      | Reached XP level 4. HP: 5/30 MP: 0/7
  1073 | D:2      | Identified the +1 dagger "Jammufuo" {vamp, ^Contam *Noise
                  | rCorr Stlth+}
  1400 | D:2      | Reached XP level 5. HP: 31/35 MP: 1/8
  1748 | D:3      | Noticed Jessica
  1763 | D:3      | Killed Jessica
  1764 | D:3      | Reached skill level 1 in Ranged Weapons
  2591 | D:3      | Reached skill level 2 in Ranged Weapons
  2596 | D:3      | Reached XP level 6. HP: 41/41 MP: 9/9
  2608 | D:3      | Identified the +2 ring mail of Compassion {Rampage rPois
                  | Regen+ Slay+2}
  2609 | D:3      | Noticed Grinder
  2609 | D:3      | Paralysed by Grinder for 3 turns
  2846 | D:3      | Noticed Ijyb
  2859 | D:3      | Killed Ijyb
  3076 | D:3      | Paralysed by Grinder for 2 turns
  3078 | D:3      | Killed Grinder
  3079 | D:3      | Reached skill level 4 in Ranged Weapons
  3079 | D:3      | Reached XP level 7. HP: 26/46 MP: 5/10
  3655 | D:4      | Noticed Natasha
  3657 | D:4      | Killed Natasha
  3901 | D:4      | Noticed Natasha
  3908 | D:4      | Killed Natasha
  3976 | D:4      | Noticed Natasha
  3979 | D:4      | Killed Natasha
  4004 | D:5      | Entered Level 5 of the Dungeon
  4004 | D:5      | Noticed Edmund
  4043 | D:5      | Reached skill level 5 in Ranged Weapons
  4163 | D:4      | Killed Edmund
  4170 | D:4      | Reached XP level 8. HP: 26/52 MP: 7/11
  4266 | D:5      | Reached skill level 6 in Ranged Weapons
  4480 | D:5      | Noticed Blork the orc
  4492 | D:5      | Killed Blork the orc
  4805 | D:5      | Reached skill level 7 in Ranged Weapons
  4909 | D:6      | Found a basalt altar of Yredelemnul.
  5165 | D:6      | Reached skill level 8 in Ranged Weapons
  5341 | D:6      | Reached XP level 9. HP: 29/57 MP: 6/12
  5387 | D:6      | Noticed Pikel
  5820 | D:6      | Reached skill level 9 in Ranged Weapons
  5909 | D:6      | Found a staircase to the Ecumenical Temple.
  5936 | Temple   | Entered the Ecumenical Temple
  5949 | Temple   | Became a worshipper of Ru the Awakened
  6009 | D:6      | Noticed Maggie
  6022 | D:6      | Slain by Maggie

Illustrated notes

Levels and vault maps discovered:
D:1:      lightli_arrival_statuegarden, layout_basic,
          shapermc_ecumenical_altar_venn, moated_statue, minmay_pentomino_t2
D:2:      layout_basic, st_stairs_6, grunt_decor_mini_mirrors,
          minmay_misc_feat_more_columns
D:3:      layout_rooms, lexackson_kobold_supper, uniq_grinder, uniq_jessica,
          uniq_ijyb
D:4:      layout_layer_cave, hangedman_decor_peaks_small, uniq_natasha
D:5:      layout_gridville, minivault_11, uniq_edmund, uniq_blork_the_orc
D:6:      layout_basic, kennysheep_little_box, minmay_temple_entry_sparse_star,
          uniq_pikel, uniq_maggie, uniq_crazy_yiuf_cottage
Temple:   nicolae_temple_ecumenical_triangle

Skill      XL: |  1  2  3  4  5  6  7  8  9 |
---------------+----------------------------+-----
Polearms       | 2 |  2.7
Long Blades    | 1 3 4 |  4.7
Ranged Weapons | 2 4 5 8 9 |  9.0
Fighting       | |  0.2
Dodging        | |  2.6
Stealth        | |  2.1
Spellcasting   | |  2.0
Conjurations   | |  3.2

Action                     |  1- 3 |  4- 6 |  7- 9 || total
---------------------------+-------+-------+-------++-------
  Melee: Spear             |    26 |       |       ||    26
         Long sword        |    57 |    47 |       ||   104
         Punch             |     1 |       |       ||     1
   Fire: Longbow           |       |   120 |   210 ||   330
   Cast: Magic Dart        |    26 |    13 |       ||    39
    Use: Scroll            |       |     9 |     5 ||    14
         Potion            |       |       |     3 ||     3
   Stab: Sleeping          |     1 |     1 |       ||     2
 Armour: Robe              |    27 |       |       ||    27
         Ring mail         |    35 |    59 |    94 ||   188
         Skin              |       |       |    30 ||    30
  Dodge: Dodged            |    43 |    70 |    62 ||   175
